 Dungeon Crawl Stone Soup version 0.28.0-53-g5a82cb258f (webtiles) character file.

Game seed: 410475400693308998

1958 safid the Geomancer (level 9, -4/55 HPs)
             Began as a Gargoyle Earth Elementalist on Sept 4, 2022.
             Was a Follower of Vehumet.
             Slain by an orc warrior
             ... wielding a +0 battleaxe
              (15 damage)
             ... on level 6 of the Dungeon.
             The game lasted 00:10:19 (8598 turns).

safid the Geomancer (Gargoyle Earth Elementalist)   Turns: 8598, Time: 00:10:19

Health: -4/55      AC: 12    Str: 13    XL:     9   Next: 19%
Magic:  16/26      EV: 12    Int: 19    God:    Vehumet [*.....]
Gold:   408        SH:  0    Dex: 10    Spells: 15/19 levels left

rFire   + . .      SeeInvis .   x - +2 trident (vamp)
rCold   . . .      Faith    .   (no shield)
rNeg    + + .      Spirit   .   y - +1 robe {rN+}
rPois   ∞          Reflect  .   (no helmet)
rElec   +          Harm     .   (no cloak)
rCorr   .          Rampage  .   l - +1 pair of gloves
Will    .....                   t - +0 pair of boots
Stlth   ++........              q - amulet of magic regeneration
HPRegen 0.18/turn               m - ring of magical power
MPRegen 0.60/turn               r - ring of protection from fire

@: no status effects
A: sickness immunity, AC +6, negative energy resistance 1, electricity
resistance, torment resistance 1, petrification resistance
a: Renounce Religion


You were on level 6 of the Dungeon.
You worshipped Vehumet.
Vehumet was aware of your devotion.
You visited 2 branches of the dungeon, and saw 7 of its levels.

You collected 408 gold pieces.

Inventory:

Hand Weapons
 s - a +1 trident of venom
 x - a +2 vampiric trident (weapon)
Missiles
 c - 165 stones
 f - 11 javelins
Armour
 l - a +1 pair of gloves (worn)
 t - a +0 pair of boots (worn)
 y - a +1 robe of positive energy (worn)
Jewellery
 m - a ring of magical power (left hand)
 q - an amulet of magic regeneration (around neck)
 r - a ring of protection from fire (right hand)
Wands
 n - a wand of polymorph (3)
 B - a wand of paralysis (3)
 E - a wand of digging (4)
Scrolls
 b - a scroll of magic mapping {unknown}
 d - a scroll of brand weapon {unknown}
 e - a scroll of enchant armour
 g - 2 scrolls of fog {unknown}
 i - a scroll of teleportation {unknown}
 j - 2 scrolls of identify {unknown}
 o - a scroll of immolation {unknown}
 p - a scroll of summoning {unknown}
 u - a scroll of blinking {unknown}
 w - 2 scrolls of fear {unknown}
 A - a scroll of acquirement {unknown}
 D - 2 scrolls of vulnerability {unknown}
 I - a scroll of amnesia {unknown}
Potions
 a - 3 potions of curing {unknown}
 h - 4 potions of mutation {unknown}
 k - 3 potions of might {unknown}
 v - a potion of cancellation {unknown}
 z - a potion of heal wounds {unknown}
 C - a potion of attraction {unknown}
 F - a potion of magic {unknown}
 G - a potion of lignification {unknown}
 H - a potion of degeneration {unknown}


   Skills:
 + Level 6.1 Fighting
 - Level 2.0 Dodging
 - Level 2.1 Stealth
 + Level 5.6 Spellcasting
 + Level 5.9 Conjurations
 - Level 1.0 Transmutations
 + Level 8.0 Earth Magic


You had 15 spell levels left.
You knew the following spells:

 Your Spells              Type           Power      Damage    Failure   Level
a - Sandblast             Erth           70%        2d15      1%          1
b - Stone Arrow           Conj/Erth      62%        3d10      1%          3

Your spell library contained the following spells:

 Spells                   Type           Power      Damage    Failure   Level
 Foxfire                  Conj/Fire      64%        2x1d7     3%          1
 Magic Dart               Conj           100%       1d8       1%          1
 Passwall                 Tmut/Erth      18%        N/A       2%          2
 Shock                    Conj/Air       64%        1d7       3%          1
 Mephitic Cloud           Conj/Pois/Air  12%        N/A       16%         3
 Call Imp                 Summ           5%         N/A       19%         2
 Petrify                  Tmut/Erth      22%        N/A       19%         4
 Animate Armour           Summ/Erth      40%        N/A       22%         4
 Swiftness                Air            5%         N/A       34%         3
 Iron Shot                Conj/Erth      15%        9d4       71%         6
 Airstrike                Air            2%         N/A       75%         4
 Blade Hands              Tmut           4%         N/A       91%         5


Dungeon Overview and Level Annotations

Branches:
Dungeon (6/15)             Temple (1/1) D:6

Altars:
Ashenzari
Elyvilon
Fedhas
Gozag
Hepliaklqana
Kikubaaqudgha
Makhleb
Okawaru
Qazlal
Ru
Trog
Uskayaw
Vehumet
Xom
Yredelemnul
Zin
The Shining One

Shops:
D:2 =(


Innate Abilities, Weirdness & Mutations

You are immune to sickness and miasma.
Your stone body is resilient. (AC +6)
You are immune to poison.
You resist negative energy. (rN+)
You are resistant to electric shocks. (rElec)
You are resistant to unholy torment.
You are immune to petrification.


Message History

You are too injured to fight recklessly!
You are too injured to fight recklessly!
You are too injured to fight recklessly!
Unknown command.
Casting: Stone Arrow (safe; 1% risk of failure)
Confirm with . or Enter, or press ? or * to list all spells.
Aiming: Stone Arrow (safe; 1% risk of failure)
Press: ? - help, Shift-Dir - straight line, f - hobgoblin
Aim: a hobgoblin (74% to hit)
The stone arrow hits the hobgoblin!
You kill the hobgoblin!
Vehumet accepts your kill. The orc wizard misses you.
The orc warrior hits you but does no damage.
Casting: Stone Arrow (safe; 1% risk of failure)
Confirm with . or Enter, or press ? or * to list all spells.
Aiming: Stone Arrow (safe; 1% risk of failure)
Press: ? - help, Shift-Dir - straight line, f - orc wizard
Aim: an orc wizard, wielding a +0 war axe and wearing a +0 robe (67% to hit)
The stone arrow hits the orc wizard!!
You kill the orc wizard!
Vehumet accepts your kill. The orc warrior closely misses you.
Casting: Stone Arrow (safe; 1% risk of failure)
Confirm with . or Enter, or press ? or * to list all spells.
Aiming: Stone Arrow (safe; 1% risk of failure)
Press: ? - help, Shift-Dir - straight line, f - orc warrior
Aim: an orc warrior, wielding a +0 battleaxe and wearing a +0 chain mail (moderately wounded, 71% to hit)
The stone arrow misses the orc warrior.
The orc warrior hits you with a +0 battleaxe!
* * * LOW HITPOINT WARNING * * *
Casting: Stone Arrow (safe; 1% risk of failure)
Confirm with . or Enter, or press ? or * to list all spells.
Aiming: Stone Arrow (safe; 1% risk of failure)
Press: ? - help, Shift-Dir - straight line, f/p - orc warrior
Aim: an orc warrior, wielding a +0 battleaxe and wearing a +0 chain mail (moderately wounded, 71% to hit)
The stone arrow hits the orc warrior!
The orc warrior is almost dead.
The orc warrior hits you with a +0 battleaxe!
You die... ...P♣P.......♣PP..P♣ .P♣PP.♣....♣♣♣♣P..♣ .PPP.P#))'############ o ♣P♣♣♣P#...#........).# .g P #####.>.#..........# gK.

#...#...#..........# ..$.
#...#...#..........# .$g.!
.♣PP#...#†########)'####.g.$..
....#...'.....@).))....'......
....#...'.....o).......'...$..
##############################


You could see an orc warrior.

Vanquished Creatures
  Grinder (D:5)
  Menkaure (D:4)
  A water moccasin (D:6)
  A sky beast (D:6)
  A black bear (D:6)
  A necrophage (D:6)
  A kobold brigand (D:6)
  Blork the orc (D:4)
  A bullfrog (D:6)
  A gnoll sergeant (D:6)
  A wyvern skeleton (D:5)
  2 howler monkeys (D:5)
  A centaur zombie (D:6)
  A gnoll shaman (D:6)
  6 hounds
  An orc priest (D:6)
  A jelly (D:4)
  2 iguanas
  Jessica (D:3)
  Ijyb (D:5)
  6 orc wizards
  Terence (D:3)
  A howler monkey zombie (D:6)
  A howler monkey skeleton (D:6)
  6 adders
  12 gnolls
  An ufetubus (D:5)
  An adder skeleton (D:4)
  2 worms
  2 dart slugs
  6 orcs
  6 ball pythons
  3 bats
  3 endoplasms
  3 giant cockroaches
  10 goblins
  14 hobgoblins
  8 jackals
  10 kobolds
  A quokka (D:4)
  4 frilled lizards
  2 rats (D:2)
130 creatures vanquished.

Vanquished Creatures (others)
  8 plants (D:6)
8 creatures vanquished.

Grand Total: 138 creatures vanquished

Notes
Turn   | Place    | Note
-------+----------+-------------------------------------------
     0 | D:1      | safid the Gargoyle Earth Elementalist began the quest for
                  | the Orb.
     0 | D:1      | Reached XP level 1. HP: 10/10 MP: 3/3
   354 | D:1      | Reached skill level 1 in Transmutations
   354 | D:1      | Reached XP level 2. HP: 1/16 MP: 0/5
   970 | D:1      | Reached skill level 1 in Fighting
  1747 | D:2      | Reached XP level 3. HP: 7/20 MP: 4/6
  1985 | D:2      | Learned a level 3 spell: Stone Arrow
  2250 | D:2      | Reached skill level 4 in Earth Magic
  2685 | D:2      | Found Eghiv's Jewellery Shop.
  3272 | D:2      | Found Voto's Antique Weapon Emporium.
  3681 | D:3      | Noticed Jessica
  3686 | D:3      | Killed Jessica
  3687 | D:3      | Reached skill level 1 in Conjurations
  3687 | D:3      | Reached XP level 4. HP: 26/26 MP: 7/7
  4049 | D:3      | Found an opulent altar of Gozag.
  4082 | D:3      | Found a hide-covered altar of Uskayaw.
  4247 | D:3      | Noticed Terence
  4566 | D:3      | Killed Terence
  4567 | D:3      | Reached XP level 5. HP: 30/30 MP: 9/9
  5155 | D:4      | Noticed Menkaure
  5164 | D:4      | Killed Menkaure
  5165 | D:4      | Reached skill level 5 in Earth Magic
  5165 | D:4      | Reached XP level 6. HP: 35/36 MP: 10/10
  5304 | D:4      | Found a sacrificial altar of Ru.
  5714 | D:4      | Noticed Blork the orc
  5725 | D:4      | Killed Blork the orc
  5726 | D:4      | Reached XP level 7. HP: 18/41 MP: 12/12
  6011 | D:4      | Found an iron altar of Okawaru.
  6149 | D:5      | Entered Level 5 of the Dungeon
  6429 | D:5      | Noticed Grinder
  6434 | D:5      | Noticed Ijyb
  6435 | D:5      | Paralysed by Grinder for 4 turns
  6450 | D:5      | Paralysed by Grinder for 4 turns
  6462 | D:5      | Killed Grinder
  6463 | D:5      | Reached skill level 6 in Earth Magic
  6593 | D:5      | Paralysed by Ijyb for 6 turns
  6603 | D:5      | Killed Ijyb
  6604 | D:5      | Reached XP level 8. HP: 48/48 MP: 14/14
  6625 | D:5      | Found a shimmering altar of Xom.
  6831 | D:5      | Found a white marble altar of Elyvilon.
  6831 | D:5      | Found a glowing golden altar of the Shining One.
  6831 | D:5      | Found a glowing silver altar of Zin.
  7180 | D:6      | Found a staircase to the Ecumenical Temple.
  7195 | D:6      | Reached skill level 5 in Fighting
  7209 | Temple   | Entered the Ecumenical Temple
  7303 | Temple   | Became a worshipper of Vehumet
  7566 | D:6      | Reached skill level 7 in Earth Magic
  7821 | D:6      | Reached skill level 5 in Spellcasting
  7821 | D:6      | Reached skill level 5 in Conjurations
  8105 | D:6      | Reached XP level 9. HP: 22/55 MP: 17/17
  8534 | D:6      | Reached * piety under Vehumet
  8534 | D:6      | Offered knowledge of Foxfire by Vehumet.
  8592 | D:6      | Reached skill level 8 in Earth Magic
  8598 | D:6      | Slain by an orc warrior

Illustrated notes

Levels and vault maps discovered:
D:1:      lightli_arrival_boilingwater, layout_rooms
D:2:      wad_pebble_path, layout_loops_ring, serial_shops, shop,
          nicolae_shop_statue_plus
D:3:      kennysheep_the_goblin_king, layout_basic, amcnicky_altar_gilded,
          lemuel_doored_altar, roderic_roman_lattice, supply_closet_lemuel,
          amcnicky_mini_pool_small, kennysheep_another_room,
          corexii_leaking_fountain, minmay_misc_feat_encased, uniq_jessica,
          uniq_terence
D:4:      layout_rooms, kennysheep_little_box,
          nicolae_ru_great_annihilating_truth, uniq_blork_the_orc, uniq_menkaure
D:5:      layout_cave_pools, good_gods_mini_temple, overflow_temple_1_default,
          minivault_14, uniq_ijyb, uniq_grinder
D:6:      kennysheep_housing_project, layout_basic, minmay_temple_entry_trees
Temple:   jpeg_temple_island

Skill      XL: |  1  2  3  4  5  6  7  8  9 |
---------------+----------------------------+-----
Transmutations | 1 |  1.0
Fighting       | 1 2 3 4 5 6 |  6.1
Earth Magic    | 4 5 6 7 8 |  8.0
Dodging        | 2 |  2.0
Conjurations   | 1 2 3 4 5 |  5.9
Spellcasting   | 3 4 5 |  5.6
Stealth        | |  2.1

Action                   |  1- 3 |  4- 6 |  7- 9 || total
-------------------------+-------+-------+-------++-------
Melee: Unarmed           |    45 |       |       ||    45
       Punch             |     3 |       |     4 ||     7
       Dagger            |    74 |       |       ||    74
       Short sword       |    42 |    34 |       ||    76
       Trident           |       |    71 |   164 ||   235
 Cast: Sandblast         |    40 |    30 |    33 ||   103
       Stone Arrow       |       |     3 |    53 ||    56
  Use: Scroll            |       |       |     1 ||     1
 Stab: Sleeping          |     2 |     5 |     3 ||    10
       Distracted        |       |     1 |       ||     1
Armor: Robe              |    63 |    43 |   140 ||   246
Dodge: Dodged            |   136 |    73 |   174 ||   383
